 Dungeon Crawl Stone Soup version 0.18-a0-455-gc7d4c65 (webtiles) character file.

2685 M4edhros the Covert (level 9, 0/53 HPs)
             Began as an Octopode Artificer on Dec 1, 2015.
             Was an Initiate of Fedhas.
             Succumbed to an orange demon's poison
             ... on level 7 of the Dungeon.
             The game lasted 00:12:22 (6180 turns).

M4edhros the Covert (Octopode Artificer)            Turns: 6180, Time: 00:12:22

Health: 0/53       AC:  6    Str: 10    XL:     9   Next: 64%
Magic:  25/25      EV: 11    Int: 18    God:    Fedhas [......]
Gold:   180        SH:  8    Dex: 17    Spells: 0 memorised, 8 levels left

rFire  + + .     SeeInvis .     q - +2 flail (protect)
rCold  . . .     Clarity  .     v - +0 shield
rNeg   . . .     SustAt   .     (helmet restricted)
rPois  .         Gourm    .     (no amulet)
rElec  .         Spirit   .     f - ring of protection from fire
rCorr  .         Dsmss    .     g - ring of protection from fire
rMut   .         Stasis   .     j - ring of stealth
MR     .....                    n - +5 ring of dexterity
Stlth  ++++++++..               y - ring of magical power
                                (no ring)
                                (no ring)
                                (no ring)

@: lethally poisoned (0 -> -10), weakened, not resistant to hostile
enchantments, extraordinarily stealthy
A: almost no armour, amphibious, 8 rings, constrict 8, camouflage 1, gelatinous
body 1
a: Renounce Religion


You were on level 7 of the Dungeon.
You worshipped Fedhas.
Fedhas was noncommittal.
You were very hungry.

You visited 2 branches of the dungeon, and saw 8 of its levels.

You collected 180 gold pieces.

Inventory:

Hand Weapons
 a - a +0 short sword
 q - a +2 flail of protection (weapon)
 C - a +1 hunting sling
Missiles
 r - 173 stones (quivered)
 t - 35 sling bullets
Armour
 v - a +0 shield (worn)
Jewellery
 f - a ring of protection from fire (left tentacle)
 g - a ring of protection from fire (right tentacle)
 j - a ring of stealth (on tentacle)
 n - a +5 ring of dexterity (on tentacle)
 y - a ring of magical power (on tentacle)
Wands
 b - a wand of flame (0)
 c - a wand of enslavement (0)
 d - a wand of random effects (4)
 i - a wand of invisibility (3)
 l - a wand of digging (7)
 m - a wand of random effects (28)
 o - a wand of fire (10)
 p - a wand of digging (7)
 s - a wand of flame (13)
 w - a wand of frost (23)
 x - a wand of paralysis (10)
 z - a wand of cold (8)
Scrolls
 h - 2 scrolls of amnesia
 A - a scroll of remove curse
Potions
 D - a potion of flight
Books
 u - a book of the Earth

   Spells                             Type                      Level
   a - Leda's Liquefaction            Hexes/Earth                  4
   b - Bolt of Magma                  Conjuration/Fire/Earth       5
   c - Statue Form                    Transmutation/Earth          6
   d - Iron Shot                      Conjuration/Earth            6
   e - Shatter                        Earth                        9
Comestibles
 e - 4 bread rations
 k - 3 meat rations


   Skills:
 - Level 1.0 Fighting
 - Level 1.0 Short Blades
 + Level 3.6 Dodging
 + Level 11.9 Stealth
 + Level 2.7 Shields
 + Level 9.9 Evocations


You had 8 spell levels left.
You didn't know any spells.

Dungeon Overview and Level Annotations

Branches:
Dungeon (7/15)             Temple (1/1) D:7

Altars:
Elyvilon
Fedhas
Gozag
Kikubaaqudgha
Makhleb
Nemelex Xobeh
Okawaru
Qazlal
Sif Muna
Trog
Vehumet
Xom
Zin
The Shining One


Innate Abilities, Weirdness & Mutations

You cannot wear most types of armour.
You are amphibious.
You can wear up to eight rings at the same time.
You can use your tentacles to constrict eight enemies at once.
Your skin changes colour to match your surroundings (Stealth).
Your rubbery body absorbs attacks (AC +1).


Message History

Unknown command.
Unknown command.
* * * LOW HITPOINT WARNING * * *
You feel sick.
Your ufetubus misses the white imp. Your ufetubus hits the white imp.
The white imp dies!
Unknown command.
Unknown command.
* * * LOW HITPOINT WARNING * * *
You feel sick.
Something stings your ynoxinul but does no damage.
Something hits your ynoxinul.
Your ynoxinul looks weaker.
* * * LOW HITPOINT WARNING * * *
You feel sick.
Your ynoxinul gestures at the orange demon.
The iron shot hits the orange demon.
Your ufetubus hits the orange demon.
Your ufetubus closely misses the orange demon.
You die...
Fedhas appreciates your contribution to the ecosystem.

#####.....########
#..5.............,
####.5###..####.#.##*
#4.43.# #..###....###
#5##5## #..##........
#5##.# #..##.....##.
#.##5####...#.#.#.##.
######.........#.#.#.#.##.
##........@######.#.#.#.###
#.###..>...# #.#.#.#.# #
#.# #......######.#.....# #
#.###...................# #
##.........###.##.##.<.## #
##.###.##.....##.###..## #
#.# #.##.#.#..........###
#.# #....._...#####......
#.# ####.#.#.## #..####


You could see an orange demon, a crimson imp, a friendly ynoxinul and 2 friendly
ufetubi.

Vanquished Creatures
  Sigmund (D:4)
  Eustachio (D:6)
  4 ice beasts
  3 giant frogs
  Duvessa (D:6)
  2 black bears (D:6)
  3 ogres (D:7)
  A phantom (D:4)
  A gnoll sergeant (D:6)
  A scorpion (D:5)
  A centaur zombie (D:6)
  A jelly (D:6)
  3 orc wizards
  5 hounds
  2 iguanas
  3 orc priests
  A giant frog skeleton (D:5)
  A centaur skeleton (D:6)
  Natasha (D:3)
  7 worker ants
  A hound zombie (D:7)
  2 hound skeletons
  A worker ant zombie (D:5)
  11 gnolls
  11 adders
  A worm (D:5)
  A giant gecko (D:1)
  14 orcs
  A bat (D:3)
  3 hobgoblins
  15 jackals
  3 kobolds
  4 quokkas
  3 giant cockroaches
  2 giant newts
  2 quokka skeletons
  A quokka zombie (D:5)
  A rat (D:3)
120 creatures vanquished.

Vanquished Creatures (collateral kills)
  Edmund (D:5)
  2 orcs (D:6)
  3 jackals (D:4)
6 creatures vanquished.

Vanquished Creatures (others)
  Blork the orc (D:4)
  Dowan (D:6)
  A centaur skeleton (D:5)
  A gnoll (D:6)
  A jackal (D:5)
5 creatures vanquished.

Grand Total: 131 creatures vanquished

Notes
Turn   | Place    | Note
--------------------------------------------------------------
     0 | D:1      | M4edhros the Octopode Artificer began the quest for the Orb.
     0 | D:1      | Reached XP level 1. HP: 13/13 MP: 3/3
   472 | D:2      | Found a stormy altar of Qazlal.
   495 | D:3      | Reached XP level 2. HP: 18/18 MP: 4/4
   544 | D:3      | Reached skill level 4 in Evocations
   544 | D:3      | Reached XP level 3. HP: 8/23 MP: 4/6
   791 | D:3      | Noticed Natasha
   796 | D:3      | Killed Natasha
   796 | D:3      | Reached XP level 4. HP: 21/28 MP: 7/7
  1015 | D:4      | Noticed a giant frog
  1015 | D:4      | Noticed a phantom
  1043 | D:5      | Entered Level 5 of the Dungeon
  1129 | D:5      | Reached skill level 5 in Evocations
  1129 | D:5      | Reached XP level 5. HP: 22/33 MP: 8/8
  1294 | D:5      | Noticed Edmund
  1294 | D:5      | Noticed an ice beast
  1294 | D:5      | Noticed an ogre
  1336 | D:5      | Killed Edmund
  1336 | D:5      | Reached skill level 5 in Stealth
  1336 | D:5      | Reached XP level 6. HP: 25/38 MP: 8/10
  1585 | D:5      | Killed an ice beast
  1585 | D:5      | Reached skill level 6 in Stealth
  1720 | D:5      | Reached XP level 7. HP: 28/43 MP: 11/11
  1751 | D:5      | Reached skill level 7 in Stealth
  1899 | D:5      | Found a sparkling altar of Nemelex Xobeh.
  2230 | D:4      | Noticed Blork the orc
  2416 | D:4      | Your ally died
  2519 | D:4      | Found a sparkling altar of Nemelex Xobeh.
  2563 | D:4      | Noticed Sigmund
  2572 | D:4      | Killed Sigmund
  2572 | D:4      | Reached skill level 8 in Stealth
  2881 | D:4      | Reached XP level 8. HP: 40/48 MP: 13/13
  3433 | D:6      | Found a bloodstained altar of Trog.
  3439 | D:6      | Reached skill level 9 in Stealth
  3452 | D:6      | Noticed Duvessa
  3472 | D:6      | Found a glowing silver altar of Zin.
  3676 | D:6      | Reached skill level 10 in Stealth
  3989 | D:6      | Noticed Dowan
  3991 | D:6      | Noticed Eustachio
  3992 | D:6      | Killed Duvessa
  4011 | D:6      | Your ally died
  4034 | D:6      | Killed Eustachio
  4151 | D:6      | Reached skill level 11 in Stealth
  4151 | D:6      | Reached XP level 9. HP: 46/53 MP: 15/15
  4349 | D:6      | HP: 2/53 [orc/mace (6)]
  4789 | D:6      | Reached skill level 1 in Shields
  5095 | D:6      | Found an ancient bone altar of Kikubaaqudgha.
  5673 | D:7      | Found an iron altar of Okawaru.
  5716 | D:7      | Found a staircase to the Ecumenical Temple.
  5748 | Temple   | Entered the Ecumenical Temple
  5929 | Temple   | Became a worshipper of Xom of Chaos
  5939 | Temple   | Fell from the grace of Xom
  5939 | Temple   | Became a worshipper of Fedhas Madash
  6165 | D:7      | XOM: summons 7 hostile demons
  6166 | D:7      | Noticed an orange demon
  6178 | D:7      | HP: 2/53 [poisoned by an orange demon]
  6180 | D:7      | Succumbed to an orange demon's poison

Vault maps used:
D:1:      dpeg_arrival_water_fire
D:2:      overflow_temple_1_default, old_standard_altar, first_bread
D:3:      uniq_natasha
D:4:      grunt_decor_one_mirror, nemelex_deck, uniq_blork_the_orc, uniq_sigmund
D:5:      lemuel_round_altar, uniq_edmund
D:6:      trog_ov_bears_minmay, kennysheep_little_box,
          overflow_temple_1_default, kennysheep_generic_room_9, uniq_eustachio,
          uniq_duvessa
D:7:      okawaru_metal_pillars_1_2, minmay_temple_entry_grid
Temple:   nicolae_temple_no_exploring_needed

Action                   |  1- 3 |  4- 6 |  7- 9 || total
-------------------------+-------+-------+-------++-------
Melee: Short sword       |    26 |    75 |   153 ||   254
       Flail             |       |       |    32 ||    32
 Fire: Hunting sling     |       |       |     6 ||     6
Evoke: Wand              |     1 |    17 |    30 ||    48
  Use: Scroll            |       |       |    14 ||    14
       Potion            |       |       |     4 ||     4
 Stab: Sleeping          |     6 |     3 |    28 ||    37
       Distracted        |       |       |     2 ||     2
       Confused          |       |       |     2 ||     2
  Eat: Chunk             |       |     2 |    14 ||    16
